AoeStats
← 吐司_ARIES

Nomad

504038710Analyzed
3v3 RM · 27d ago on Sep 3, 2026· 47m 21s· 6 players
Game mode
Random Map
Map size
210×210
Population
200
Speed
Normal
Resources
Standard
Victory
Conquest
Starting age
Dark Age
Ending age
Imperial Age
RankedLock teamsTeams togetherTeam positionsShared explorationLock speedFull tech treeHidden civsTurbo modeCheats
Victory
Defeat
🇬🇧 Spanish · United Kingdom
1083
+18
🇲🇽 Bulgarians · Mexico
1061
+19
🇫🇮 Ethiopians · Finland
1036
+20
🇹🇼 Armenians · Taiwan
1140
-20
🇹🇼 Japanese · Taiwan
1127
-19
🇪🇸 Portuguese · Spain
1109
-18
ARGENPETES
4:40 Loom
15:40 Feudal Age
18:05 Arson
26:34 Castle Age
25:18 Stone Mining
25:19 Gold Mining
27:17 Double-Bit Axe
27:39 Fletching
29:28 Bow Saw
29:30 Bodkin Arrow
31:13 Horse Collar
39:20 Gold Shaft Mining
39:21 Stone Shaft Mining
39:25 Masonry
42:10 Stirrups
42:21 Husbandry
42:31 Bloodlines
42:47 Forging
42:43 Scale Barding Armor
42:40 Heavy Plow
44:01 Iron Casting
46:17 Imperial Age
44:25 Wheelbarrow
45:23 Chain Barding Armor
46:37 Spies/Treason
Mike Lowry
6:12 Loom
15:48 Feudal Age
20:37 Castle Age
35:25 Imperial Age
33:27 Stone Mining
Mozart
5:22 Loom
14:03 Feudal Age
19:46 Castle Age
19:33 Double-Bit Axe
19:31 Horse Collar
20:26 Fletching
20:37 Padded Archer Armor
21:09 Gold Mining
20:44 Crossbowman
23:23 Bow Saw
24:42 Wheelbarrow
26:27 Stone Mining
27:12 Gold Shaft Mining
28:10 Bodkin Arrow
29:10 Leather Archer Armor
30:44 Thumb Ring
31:04 Ballistics
32:43 Stone Shaft Mining
32:43 Gold Shaft Mining
32:56 Masonry
38:26 Imperial Age
36:15 Hand Cart
35:45 Town Watch
37:04 Scale Mail Armor
38:32 Arbalester
39:18 Bracer
39:48 Ring Archer Armor
40:23 Chemistry
39:18 Capped Ram
44:26 Architecture
GIJONUDO
4:25 Loom
15:21 Feudal Age
20:10 Castle Age
20:57 Double-Bit Axe
22:21 Medium Warships
31:49 Fishing Lines
39:53 Imperial Age
39:44 Bow Saw
41:38 Chemistry
吐司_ARIES
5:55 Loom
15:20 Feudal Age
19:43 Castle Age
19:48 Double-Bit Axe
23:44 Wheelbarrow
23:22 Bow Saw
23:02 Horse Collar
25:39 Heavy Plow
34:32 Scale Mail Armor
34:42 Forging
35:44 Fletching
36:00 Padded Archer Armor
37:22 Bodkin Arrow
37:43 Leather Archer Armor
38:28 Leather Archer Armor
38:35 Gold Mining
39:11 Hand Cart
39:35 Ballistics
39:30 Masonry
39:25 Stone Mining
43:11 Elite Skirmisher
44:41 Gold Shaft Mining
軍 團 兵 2 號
12:50 Feudal Age
13:20 Double-Bit Axe
13:31 Loom
16:14 Wheelbarrow
19:18 Castle Age
18:43 Man-at-Arms
19:22 Long Swordsman
Connection lost

Rejoining the realm…

Still unreachable

The connection could not be restored.

Session expired

The server has moved on; the page needs a fresh start.